 Dungeon Crawl Stone Soup version 0.27.1-1-g398f81649c (webtiles) character file.

Game seed: 10927637889401549543

55 nxtlvl the Ruffian (level 3, -4/28 HPs)
             Began as a Minotaur Transmuter on Sept 17, 2021.
             Slain by a black bear (5 damage)
             ... on level 4 of the Dungeon.
             The game lasted 00:03:07 (330 turns).

nxtlvl the Ruffian (Minotaur Transmuter)             Turns: 330, Time: 00:03:08

Health: -4/28      AC:  5    Str: 15    XL:     3   Next: 67%
Magic:  4/4        EV: 10    Int: 10    God:
Gold:   37         SH:  0    Dex: 10    Spells: 3/4 levels left

rFire    . . .     SeeInvis .     - Unarmed
rCold    . . .     Faith    .   (no shield)
rNeg     . . .     Spirit   .   c - +0 ring mail
rPois    .         Reflect  .   (helmet restricted)
rElec    .         Harm     .   (no cloak)
rCorr    .         Rampage  .   (no gloves)
Will     .....                  (no boots)
Stlth    ..........             (no amulet)
HPRegen  0.09/turn              (no ring)
MPRegen  0.09/turn              (no ring)

@: no status effects
A: horns 2, retaliatory headbutt
a: no special abilities


You were on level 4 of the Dungeon.
You visited 1 branch of the dungeon, and saw 4 of its levels.

You collected 37 gold pieces.

Inventory:

Missiles
 a - 27 sling bullets
Armour
 c - a +0 ring mail (worn)


   Skills:
 - Level 1.2 Fighting
 - Level 2.1 Dodging
 + Level 5.2 Unarmed Combat
 - Level 1.3 Spellcasting
 - Level 1.5 Transmutations


You had 3 spell levels left.
You knew the following spells:

 Your Spells              Type           Power      Damage    Failure   Level
a - Beastly Appendage     Tmut           6%         N/A       34%         1

Your spell library contained the following spells:

 Spells                   Type           Power      Damage    Failure   Level
 Wereblood                Tmut           3%         N/A       47%         2
 Spider Form              Tmut/Pois      1%         N/A       82%         3
 Ice Form                 Ice/Tmut       2%         N/A       99%         4


Dungeon Overview and Level Annotations

Branches:
Dungeon (4/15)
 Temple: D:4-7

Altars:
Qazlal


Innate Abilities, Weirdness & Mutations

You have a pair of horns on your head.
You reflexively headbutt those who attack you in melee.


Message History

Your talons disappear.
A quokka comes into view.
You hit the quokka.
You kill the quokka!
You see here a quokka corpse.
Found 20 bolts.
Found 18 stones.
A black bear comes into view.
Found 5 gold pieces.
A kobold and a phantom come into view.
Found a fuming grey potion.
You see here a fuming grey potion.
You see here 5 gold pieces.
You punch the black bear! Your headbutt misses the black bear.
The black bear is moderately wounded.
The black bear barely misses you.
The black bear claws you but does no damage.
The black bear claws you.
You punch the black bear!
The black bear is severely wounded.
The black bear closely misses you. The black bear claws you.
The black bear claws you but does no damage.
You closely miss the black bear. You headbutt the black bear.
The black bear is severely wounded.
The black bear goes berserk!
You hit the black bear.
The black bear is almost dead.
The black bear bites you but does no damage.
The black bear claws you but does no damage.
The black bear claws you.
You closely miss the black bear.
The black bear is almost dead.
The black bear bites you but does no damage.
The black bear claws you.
* * * LOW HITPOINT WARNING * * *
The black bear claws you but does no damage.
The black bear bites you.
* * * LOW HITPOINT WARNING * * *
The black bear claws you.
You die...

#.# #........ ..# ###.###
#.##..#.## #.# #.....#
#.##..#.####.###
#####.....###.##..#.....#..#
#..†..........##.#.#####W#.#
#.###.........#.###.##
#.#.WK.K.. ...............##
##.###.########
#...............###!W..K.#
########.#...##.@#.#######
#.##.###.#h## #.##.# #.#.#
#h##.# #.#.# #.##.# #.#.#
########.##.# #....
#...h....##.# ###.#
#.#########.# #.# #.######
#.# #.#


You could see a black bear (berserk).

Vanquished Creatures
  An iguana (D:4)
  2 adders
  An adder skeleton (D:4)
  2 ball pythons
  An endoplasm (D:4)
  A giant cockroach (D:4)
  A hobgoblin (D:4)
  A quokka (D:4)
10 creatures vanquished.

Notes
Turn   | Place    | Note
-------+----------+-------------------------------------------
     0 | D:1      | nxtlvl the Minotaur Transmuter began the quest for the Orb.
     0 | D:1      | Reached XP level 1. HP: 16/16 MP: 1/1
    58 | D:2      | Reached skill level 4 in Unarmed Combat
    58 | D:2      | Reached XP level 2. HP: 23/23 MP: 3/3
   139 | D:4      | Found a stormy altar of Qazlal.
   179 | D:4      | HP: 1/23 [iguana (3)]
   181 | D:4      | Reached skill level 5 in Unarmed Combat
   181 | D:4      | Reached XP level 3. HP: 2/28 MP: 2/4
   278 | D:4      | Noticed a black bear
   313 | D:4      | Noticed a phantom
   330 | D:4      | HP: 1/28 [black bear (4)]
   330 | D:4      | Slain by a black bear

Illustrated notes

Levels and vault maps discovered:
D:1:      dpeg_arrival_pits, layout_basic, serial_corexii_hall,
          corexii_hall_statues_l, corexii_hall_statues_i,
          corexii_hall_statues_l, chequers_hall_statues_y
D:2:      layout_loops_corners, serial_shops, nicolae_square_shop,
          shapermc_ecumenical_altar_totnotflames
D:3:      minmay_spotlight, layout_loops_corners, grunt_temple_overflow_open,
          fedhas_altar_1, minitemple, serial_shops, nicolae_lakefront_shop
D:4:      layout_loops_ring, kennysheep_mini, grunt_qazlal_clouds, nrook_uturn

Skill      XL: |  1  2 |
---------------+-------+-----
Unarmed Combat | 4 5 |  5.2
Fighting       | |  1.2
Dodging        | |  2.1
Spellcasting   | |  1.3
Transmutations | |  1.5

Action                   || total
-------------------------++-------
Melee: Unarmed           ||    37
       Headbutt          ||     5
       Kick              ||     1
 Cast: Beastly Appendage ||     1
Armor: Ring mail         ||     8
Dodge: Dodged            ||    18
